BSA
SO CAL BRUINS @ IRVINE GANG GREEN
09/22/2029
 
TOP OF THE 1ST
So Cal Bruins batting - Pitching for Irvine Gang Green : LHP Masutaro Koyama
Pitching: LHP Masutaro Koyama
Batting: LHB Phil Smith 0-0: Called Strike
0-1: Swinging Strike
0-2: Ball
1-2: Ball
2-2: Hit by Pitch
Batting: RHB Lawrence Schroeder 0-0: Ball
1-0: Fly out, F9 (Flyball, 9S)
Batting: RHB Earl Wiggins 0-0: Foul Ball, location: 2F
0-1: Ball
1-1: Swinging Strike
1-2: Foul Ball, location: 2F
1-2: Strikes out swinging
Batting: LHB José Antonio Santiago 0-0: Ground out 4-3 (Groundball, 34)
Top of the 1st over - 0 runs, 0 hits, 0 errors, 1 left on base; So Cal 0 - Irvine 0
BOTTOM OF THE 1ST
Irvine Gang Green batting - Pitching for So Cal Bruins : LHP Ramiro Jiménez
Pitching: LHP Ramiro Jiménez
Batting: RHB Tom Doherty 0-0: Called Strike
0-1: Ball
1-1: Fly out, F7 (Flyball, 78M)
Batting: RHB José Salazar 0-0: Ball
1-0: SINGLE (Line Drive, 56D)
Batting: LHB Donovan Bird 0-0: Called Strike
0-1: Ball
1-1: Ball
2-1: SINGLE (Line Drive, 56D)
José Salazar to second
Batting: RHB Ron Elazar 0-0: Called Strike
0-1: Ball
1-1: Ball
2-1: Foul Ball, location: 2F
2-2: Foul Ball, location: 2F
2-2: Strikes out swinging
Batting: RHB Eduardo García 0-0: Ball
1-0: Swinging Strike
1-1: Foul Ball, location: 2F
1-2: Ball
2-2: Ball
3-2: Ground out 4-3 (Groundball, 4S)
Bottom of the 1st over - 0 runs, 2 hits, 0 errors, 2 left on base; So Cal 0 - Irvine 0
TOP OF THE 2ND
So Cal Bruins batting - Pitching for Irvine Gang Green : LHP Masutaro Koyama
Batting: RHB Rubén Calderón 0-0: Foul Ball, location: 2F
0-1: Foul Ball, location: 2F
0-2: Ball
1-2: Ball
2-2: Foul Ball, location: 2F
2-2: Foul Ball, location: 2F
2-2: Fly out, F3 (Popup, 3SF)
Batting: RHB Alfredo Rivera 0-0: Called Strike
0-1: Ball
1-1: SOLO HOME RUN (Flyball, 7LD), Distance : 414 ft
Batting: RHB Javier Deleón 0-0: Called Strike
0-1: Foul Ball, location: 2F
0-2: Foul Ball, location: 2F
0-2: Strikes out swinging
Batting: RHB Pedro Mata 0-0: Ball
1-0: Called Strike
1-1: Foul Ball, location: 2F
1-2: Ground out 5-3 (Groundball, 25)
Top of the 2nd over - 1 run, 1 hit, 0 errors, 0 left on base; So Cal 1 - Irvine 0
BOTTOM OF THE 2ND
Irvine Gang Green batting - Pitching for So Cal Bruins : LHP Ramiro Jiménez
Batting: RHB Jorge Barbosa 0-0: Swinging Strike
0-1: Ball
1-1: Called Strike
1-2: Foul Ball, location: 2F
1-2: Hit by Pitch
Batting: LHB Francisco Cardenas 0-0: Ball
Wild Pitch!
Jorge Barbosa to second
1-0: Ball
2-0: 2-RUN HOME RUN (Flyball, 89XD), Distance : 430 ft
Batting: LHB Tony Tavárez 0-0: Called Strike
0-1: Bunted foul
0-2: Ball
1-2: Ball
2-2: Foul Ball, location: 2F
2-2: Ball
3-2: Foul Ball, location: 2F
3-2: Fly out, F6 (Line Drive, 6)
Batting: SHB Carlos Córdova 0-0: Foul Ball, location: 2F
0-1: Ball
1-1: Foul Ball, location: 2F
1-2: Foul Ball, location: 2F
1-2: Ball
2-2: SINGLE (Groundball, 3S) (infield hit)
Batting: RHB Tom Doherty 0-0: Called Strike
0-1: Ball
1-1: Ball
2-1: Foul Ball, location: 2F
2-2: Foul Ball, location: 2F
2-2: DOUBLE (Line Drive, 8LXD)
Carlos Córdova to third
Runner from 3rd tries for Home, SAFE, no throw
Batting: RHB José Salazar 0-0: Foul Ball, location: 2F
0-1: Ball
1-1: Ground out 6-3 (Groundball, 6S)
Tom Doherty to third
Batting: LHB Donovan Bird 0-0: Ball
1-0: Ball
2-0: Ball
3-0: Called Strike
3-1: Swinging Strike
3-2: Fly out, F8 (Line Drive, 8RM)
Bottom of the 2nd over - 3 runs, 3 hits, 0 errors, 1 left on base; So Cal 1 - Irvine 3
TOP OF THE 3RD
So Cal Bruins batting - Pitching for Irvine Gang Green : LHP Masutaro Koyama
Batting: RHB Gerardo Escobedo 0-0: Called Strike
0-1: Ground out 3-1 (Groundball, 34)
Batting: LHB Phil Smith 0-0: Ball
1-0: Foul Ball, location: 2F
1-1: Called Strike
1-2: Ball
2-2: Fly out, F8 (Flyball, 78D)
Batting: RHB Lawrence Schroeder 0-0: Ball
1-0: Foul Ball, location: 2F
1-1: Swinging Strike
1-2: Ball
2-2: Ground out 5-3 (Groundball, 56S)
Top of the 3rd over - 0 runs, 0 hits, 0 errors, 0 left on base; So Cal 1 - Irvine 3
BOTTOM OF THE 3RD
Irvine Gang Green batting - Pitching for So Cal Bruins : LHP Ramiro Jiménez
Batting: RHB Ron Elazar 0-0: Called Strike
0-1: Ball
1-1: Foul Ball, location: 2F
1-2: Ball
2-2: Fly out, F4 (Flyball, 34D)
Batting: RHB Eduardo García 0-0: Called Strike
0-1: Ball
1-1: Ball
2-1: DOUBLE (Line Drive, 3D)
Batting: RHB Jorge Barbosa 0-0: Called Strike
0-1: Called Strike
0-2: Ball
1-2: Ball
2-2: Foul Ball, location: 2F
2-2: Foul Ball, location: 2F
2-2: Ball
3-2: Fly out, F6 (Line Drive, 6M)
Batting: LHB Francisco Cardenas 0-0: Foul Ball, location: 2F
0-1: Ball
1-1: Ground out 5-3 (Groundball, 25)
Bottom of the 3rd over - 0 runs, 1 hit, 0 errors, 1 left on base; So Cal 1 - Irvine 3
TOP OF THE 4TH
So Cal Bruins batting - Pitching for Irvine Gang Green : LHP Masutaro Koyama
Batting: RHB Earl Wiggins 0-0: Fly out, F8 (Flyball, 8LD)
Batting: LHB José Antonio Santiago 0-0: Ball
1-0: Ball
2-0: Fly out, F4 (Line Drive, 4)
Batting: RHB Rubén Calderón 0-0: Called Strike
0-1: Ball
1-1: Fly out, F8 (Flyball, 8LXD)
Top of the 4th over - 0 runs, 0 hits, 0 errors, 0 left on base; So Cal 1 - Irvine 3
BOTTOM OF THE 4TH
Irvine Gang Green batting - Pitching for So Cal Bruins : LHP Ramiro Jiménez
Now at 3B: Sam Wallace
Batting: LHB Tony Tavárez 0-0: Called Strike
0-1: Ball
1-1: Swinging Strike
1-2: Ground out U3 (Groundball, 3)
Batting: SHB Carlos Córdova 0-0: Ball
1-0: Ground out U3 (Groundball, 3)
Batting: RHB Tom Doherty 0-0: Foul Ball, location: 2F
0-1: Swinging Strike
0-2: Ball
1-2: Foul Ball, location: 2F
1-2: SINGLE (Groundball, 56D)
Batting: RHB José Salazar 0-0: Called Strike
0-1: Ball
1-1: Ball
2-1: Foul Ball, location: 2F
2-2: Ball
3-2: Base on Balls
Tom Doherty to second
Batting: LHB Donovan Bird 0-0: Ball
1-0: Swinging Strike
1-1: Foul Ball, location: 2F
1-2: Foul Ball, location: 2F
1-2: Ground out 4-3 (Groundball, 4)
Bottom of the 4th over - 0 runs, 1 hit, 0 errors, 2 left on base; So Cal 1 - Irvine 3
TOP OF THE 5TH
So Cal Bruins batting - Pitching for Irvine Gang Green : LHP Masutaro Koyama
Batting: RHB Alfredo Rivera 0-0: Ball
1-0: Ball
2-0: SINGLE (Groundball, 6) (infield hit)
Batting: RHB Javier Deleón 0-0: Ball
1-0: Fly out, F7 (Flyball, 7LS)
Batting: RHB Pedro Mata 0-0: Swinging Strike
0-1: Foul Ball, location: 2F
0-2: Strikes out swinging
Batting: RHB Gerardo Escobedo 0-0: Ball
Pickoff Throw by Catcher to First - Error! E2
Alfredo Rivera to second
1-0: Called Strike
1-1: Fly out, F4 (Popup, 4S)
Top of the 5th over - 0 runs, 1 hit, 1 error, 1 left on base; So Cal 1 - Irvine 3
BOTTOM OF THE 5TH
Irvine Gang Green batting - Pitching for So Cal Bruins : LHP Ramiro Jiménez
Batting: RHB Ron Elazar 0-0: Ball
1-0: Ball
2-0: Called Strike
2-1: Foul Ball, location: 2F
2-2: Fly out, F9 (Flyball, 9LMF)
Batting: RHB Eduardo García 0-0: Foul Ball, location: 2F
0-1: Ball
1-1: Foul Ball, location: 2F
1-2: Ground out 3-1 (Groundball, 34S)
Batting: RHB Jorge Barbosa 0-0: Ball
1-0: Called Strike
1-1: Reached on error, E6 (Groundball, 6S)
Pitching: LHP Jim Sheppard
Batting: LHB Francisco Cardenas 0-0: SINGLE (Flyball, 8LS)
Jorge Barbosa to second
Batting: LHB Tony Tavárez 0-0: Foul Ball, location: 2F
0-1: Called Strike
0-2: Fly out, F2 (Popup, 2RF)
Bottom of the 5th over - 0 runs, 1 hit, 1 error, 2 left on base; So Cal 1 - Irvine 3
TOP OF THE 6TH
So Cal Bruins batting - Pitching for Irvine Gang Green : LHP Masutaro Koyama
Batting: LHB Phil Smith 0-0: Ball
1-0: Ground out 4-3 (Groundball, 4)
Batting: RHB Sam Wallace 0-0: Called Strike
0-1: Foul Ball, location: 2F
0-2: Strikes out swinging
Batting: RHB Earl Wiggins 0-0: Swinging Strike
0-1: Swinging Strike
0-2: Ball
1-2: Ball
2-2: SOLO HOME RUN (Line Drive, 7LD), Distance : 408 ft
Batting: LHB José Antonio Santiago 0-0: Ground out 6-3 (Groundball, 6)
Top of the 6th over - 1 run, 1 hit, 0 errors, 0 left on base; So Cal 2 - Irvine 3
BOTTOM OF THE 6TH
Irvine Gang Green batting - Pitching for So Cal Bruins : LHP Jim Sheppard
Batting: SHB Carlos Córdova 0-0: Called Strike
0-1: Called Strike
0-2: Fly out, F8 (Flyball, 8RD)
Batting: RHB Tom Doherty 0-0: Ball
1-0: Ball
2-0: Fly out, F6 (Popup, 6)
Batting: RHB José Salazar 0-0: Ball
1-0: Called Strike
1-1: Ball
2-1: DOUBLE (Line Drive, 78XD)
Batting: LHB Donovan Bird 0-0: Foul Ball, location: 2F
0-1: Ball
1-1: Ball
2-1: Foul Ball, location: 2F
2-2: Foul Ball, location: 2F
2-2: Ball
3-2: Ground out 5-3 (Groundball, 56S)
Bottom of the 6th over - 0 runs, 1 hit, 0 errors, 1 left on base; So Cal 2 - Irvine 3
TOP OF THE 7TH
So Cal Bruins batting - Pitching for Irvine Gang Green : LHP Masutaro Koyama
Batting: RHB Rubén Calderón 0-0: Ball
1-0: Called Strike
1-1: Foul Ball, location: 2F
1-2: Ground out 6-3 (Groundball, 6)
Batting: RHB Alfredo Rivera 0-0: Called Strike
0-1: Foul Ball, location: 2F
0-2: Strikes out swinging
Batting: RHB Javier Deleón 0-0: Ball
1-0: Called Strike
1-1: Swinging Strike
1-2: Ball
2-2: Foul Ball, location: 2F
2-2: Fly out, F9 (Flyball, 9D)
Top of the 7th over - 0 runs, 0 hits, 0 errors, 0 left on base; So Cal 2 - Irvine 3
BOTTOM OF THE 7TH
Irvine Gang Green batting - Pitching for So Cal Bruins : LHP Jim Sheppard
Pitching: RHP Marty Burgess
Batting: RHB Ron Elazar 0-0: Ground out 5-3 (Groundball, 56)
Batting: RHB Eduardo García 0-0: Ball
1-0: Called Strike
1-1: Swinging Strike
1-2: Ball
2-2: Foul Ball, location: 2F
2-2: Ball
3-2: Base on Balls
Pinch Hitting: LHB Víctor Quiñones 0-0: Ball
1-0: Ball
2-0: Foul Ball, location: 2F
2-1: Foul Ball, location: 2F
2-2: Fly out, F7 (Flyball, 7S)
Batting: LHB Francisco Cardenas 0-0: Ball
1-0: Swinging Strike
1-1: Ball
2-1: Fielders Choice at 2nd, 6-4 (Groundball, 6)
Bottom of the 7th over - 0 runs, 0 hits, 0 errors, 1 left on base; So Cal 2 - Irvine 3
TOP OF THE 8TH
So Cal Bruins batting - Pitching for Irvine Gang Green : LHP Masutaro Koyama
Pitching: RHP Raúl Saltines
Now at 1B: Víctor Quiñones
Now in LF: Tyler Wagner
Batting: RHB Pedro Mata 0-0: Called Strike
0-1: Ball
1-1: Ball
2-1: Ball
3-1: SINGLE (Flyball, 8RS)
Batting: RHB Gerardo Escobedo 0-0: Fielders Choice at 2nd, 4-6 (Groundball, 4)
Batting: LHB Phil Smith 0-0: Called Strike
0-1: Foul Ball, location: 2F
0-2: Foul Ball, location: 2F
0-2: Ball
1-2: Ground out 4-3 (Groundball, 34)
Gerardo Escobedo to second
Pinch Hitting: RHB William Richardson 0-0: Ball
1-0: Ball
2-0: Ball
3-0: Called Strike
3-1: Swinging Strike
3-2: Base on Balls
Batting: RHB Earl Wiggins 0-0: Swinging Strike
0-1: Foul Ball, location: 2F
0-2: Fly out, F5 (Popup, 56S)
Top of the 8th over - 0 runs, 1 hit, 0 errors, 2 left on base; So Cal 2 - Irvine 3
BOTTOM OF THE 8TH
Irvine Gang Green batting - Pitching for So Cal Bruins : RHP Marty Burgess
Now at SS: Ken Hernández
Batting: LHB Tony Tavárez 0-0: Called Strike
0-1: Ball
1-1: Ball
2-1: Ball
3-1: Ground out 4-3 (Groundball, 4)
Batting: SHB Carlos Córdova 0-0: Ball
1-0: Ball
2-0: Swinging Strike
2-1: Ground out 1-3 (Groundball, 13)
Batting: RHB Tom Doherty 0-0: SINGLE (Groundball, 3D)
Batting: RHB José Salazar 0-0: Ball
1-0: Ball
2-0: Called Strike
2-1: Foul Ball, location: 2F
2-2: Ground out 4-3 (Groundball, 4M)
Bottom of the 8th over - 0 runs, 1 hit, 0 errors, 1 left on base; So Cal 2 - Irvine 3
TOP OF THE 9TH
So Cal Bruins batting - Pitching for Irvine Gang Green : RHP Raúl Saltines
Batting: LHB José Antonio Santiago 0-0: Called Strike
0-1: Called Strike
0-2: Foul Ball, location: 2F
0-2: Ball
1-2: Strikes out looking
Batting: RHB Rubén Calderón 0-0: Called Strike
0-1: Swinging Strike
0-2: Ball
1-2: Strikes out looking
Batting: RHB Alfredo Rivera 0-0: SINGLE (Line Drive, 8LD)
Batting: RHB Javier Deleón 0-0: Foul Ball, location: 2F
0-1: Foul Ball, location: 2F
0-2: Ball
1-2: Ball
2-2: Ball
3-2: Base on Balls
Alfredo Rivera to second
Pinch Hitting: LHB Ryan Drake 0-0: Foul Ball, location: 2F
0-1: Swinging Strike
0-2: Strikes out swinging
Top of the 9th over - 0 runs, 1 hit, 0 errors, 2 left on base; So Cal 2 - Irvine 3
Saturday, December 16th, 2017 - OOTP Baseball 18.8 Build 76